 Dungeon Crawl Stone Soup version 0.29-a0-1047-g7c58e119a4 (webtiles) character file.

Game seed: 10771973721195651794

268 voltaire321 the Digger (level 6, -1/39 HPs)
             Began as an Octopode Earth Elementalist on Aug 16, 2022.
             Was an Initiate of Vehumet.
             Slain by Duvessa
             ... wielding a +0 short sword
              (18 damage)
             ... on level 5 of the Dungeon.
             The game lasted 00:09:03 (4393 turns).

voltaire321 the Digger (OpEE)                       Turns: 4393, Time: 00:09:03

Health: -1/39      AC:  1    Str:  7    XL:     6   Next: 21%
Magic:  10/10      EV: 14    Int: 19    God:    Vehumet [......]
Gold:   225        SH:  0    Dex: 16    Spells: 5/11 levels left

rFire   . . .      SeeInvis .   p - +10 falchion of Fate {vorpal, rN+ Will- rCorr Dex+3}
rCold   . . .      Faith    .   (no shield)
rNeg    + . .      Spirit   .   (helmet restricted)
rPois   .          Reflect  .   (no amulet)
rElec   .          Harm     .   (no ring)
rCorr   +          Rampage  .   (no ring)
Will    .....                   (no ring)
Stlth   +++.......              (no ring)
HPRegen 0.13/turn               (no ring)
MPRegen 0.12/turn               (no ring)
                                (no ring)
                                (no ring)

@: no status effects
A: almost no armour, amphibious, 8 rings, camouflage 1, gelatinous body 1,
(nimble swimmer 1), tentacles
a: Renounce Religion


You were on level 5 of the Dungeon.
You worshipped Vehumet.
Vehumet was noncommittal.
You visited 1 branch of the dungeon, and saw 5 of its levels.

You collected 225 gold pieces.

Inventory:

Hand Weapons
 c - a +0 dagger of protection
 p - the +10 falchion of Fate (weapon) {vorpal, rN+ Will- rCorr Dex+3}
   (You found it on level 5 of the Dungeon)

   It inflicts extra damage upon your enemies.
   Dex:       It affects your dexterity (+3).
   rN:        It protects you from negative energy.
   rCorr:     It protects you from acid and corrosion.
   Will:      It decreases your willpower.
Scrolls
 f - 2 scrolls of teleportation
 h - a scroll of enchant weapon {unknown}
 i - a scroll of immolation {unknown}
 j - 3 scrolls of blinking
 k - 2 scrolls of amnesia
 n - 3 scrolls of enchant armour
 o - 2 scrolls of magic mapping {unknown}
Potions
 a - a potion of magic
 b - 2 potions of lignification
 d - a potion of flight {unknown}
 e - a potion of ambrosia {unknown}
 g - 2 potions of heal wounds
 l - 2 potions of haste {unknown}
 m - a potion of brilliance {unknown}
 q - 2 potions of cancellation {unknown}
 r - a potion of mutation {unknown}


   Skills:
 + Level 2.1 Fighting
 + Level 3.2 Dodging
 - Level 3.0 Stealth
 + Level 3.1 Spellcasting
 + Level 1.8 Conjurations
 - Level 2.0 Transmutations
 + Level 4.0 Earth Magic


You had 5 spell levels left.
You knew the following spells:

 Your Spells              Type           Power      Damage    Failure   Level
a - Sandblast             Erth           36%        2d10      3%          1
b - Passwall              Tmut/Erth      11%        N/A       7%          2
c - Stone Arrow           Conj/Erth      28%        3d8       14%         3

Your spell library contained the following spells:

 Spells                   Type           Power      Damage    Failure   Level
 Apportation              Tloc           4%         N/A       16%         1
 Necrotise                Necr           8%         1d4       16%         1
 Summon Small Mammal      Summ           8%         N/A       16%         1
 Static Discharge         Conj/Air       6%         3-4/arc   16%         2
 Portal Projectile        Hex/Tloc       4%         N/A       41%         3
 Tukima's Dance           Hex            2%         N/A       41%         3
 Petrify                  Tmut/Erth      14%        N/A       41%         4
 Sticky Flame             Conj/Fire      6%         2d3       71%         4
 Dispel Undead            Necr           2%         3d7       83%         4
 Blade Hands              Tmut           5%         N/A       88%         5


Dungeon Overview and Level Annotations

Branches:
Dungeon (5/15)
 Temple: D:4-7

Altars:
Dithmenos
Kikubaaqudgha
Vehumet

Shops:
D:2 [

Annotations:
D:5 Duvessa


Innate Abilities, Weirdness & Mutations

You cannot wear most types of armour.
You are amphibious.
You can wear up to eight rings at the same time.
Your skin changes colour to match your surroundings (Stealth+).
Your rubbery body absorbs attacks. (AC +1, EV +1)
((You are camouflaged when in or above water. (Stealth+)))
You have tentacles for arms and can constrict up to eight enemies at once.


Message History

You see here the +10 falchion of Fate {vorpal, rN+ Will- rCorr Dex+3}.
p - the +10 falchion of Fate {vorpal, rN+ Will- rCorr Dex+3} Your +0 dagger of protection goes still.
You feel agile.
p - the +10 falchion of Fate (weapon)
{vorpal, rN+ Will- rCorr Dex+3} You open the door.
There is an open door here.
Found a stone staircase leading down.
Found 4 gold pieces.
You open the door.
Duvessa, Sister of Dowan comes into view.
She is wielding a +0 short sword.
Dowan shouts!
Duvessa shouts!
Found a scroll labelled ROIRIU KATTI.
You closely miss Dowan. You grab Dowan. You constrict Dowan, but do no damage.
Dowan hits you but does no damage.
You slash Dowan!
Dowan is severely wounded.
You constrict Dowan.
Dowan points at you and mumbles some strange words.
The puff of flame hits you.
You slash Dowan!
You kill Dowan!
Vehumet accepts your kill.
Duvessa screams, "No!
How DARE you!"
Duvessa goes berserk!
Duvessa misses you.
Your Fighting skill increases to level 2!
Your Earth Magic skill increases to level 4!
You have reached level 6!
You slash Duvessa! Your grab misses Duvessa. You squeeze Duvessa.
Duvessa is moderately wounded.
Duvessa hits you with a +0 short sword. Duvessa barely misses you.
You hit Duvessa. Your grab misses Duvessa.
Duvessa is heavily wounded.
Duvessa closely misses you. Duvessa misses you.
You hit Duvessa but do no damage. You grab Duvessa.
Duvessa is heavily wounded.
You constrict Duvessa, but do no damage.
Duvessa hits you with a +0 short sword!
Duvessa hits you with a +0 short sword!!
You die...

.. .. #.##.# #..#.# #
#..#.# #. #..$.# #..
#.#..# #......# #...
#.#..# ......#
#....##.#.># .....+
+.?..e@..#.# ....#
#....#####.#
...###.... #....#
(........ #.####
#....# #.# ####....#
####'######
#...#######.........#
#........##.........#
#........##.........#


You could see Duvessa (berserk).

Vanquished Creatures
  A scorpion (D:5)
  Dowan (D:5)
  A hound (D:5)
  Terence (D:2)
  2 adders
  An ufetubus (D:4)
  2 worms (D:2)
  A dart slug (D:2)
  4 orcs
  7 ball pythons
  7 endoplasms
  5 giant cockroaches
  4 goblins (D:1)
  3 hobgoblins (D:1)
  2 jackals (D:4)
  7 quokkas
  6 bats
  5 frilled lizards
  4 kobolds
  7 rats
71 creatures vanquished.

Notes
Turn   | Place    | Note
-------+----------+-------------------------------------------
     0 | D:1      | voltaire321 the Octopode Earth Elementalist began the quest
                  | for the Orb.
     0 | D:1      | Reached XP level 1. HP: 11/11 MP: 3/3
   134 | D:1      | Reached XP level 2. HP: 17/17 MP: 1/5
   139 | D:1      | Learned a level 2 spell: Passwall
   711 | D:1      | Reached XP level 3. HP: 22/22 MP: 4/6
   926 | D:1      | Learned a level 3 spell: Stone Arrow
  1362 | D:2      | Found Foedym's Armour Boutique.
  1367 | D:2      | Noticed Terence
  1393 | D:2      | Killed Terence
  1394 | D:2      | Reached XP level 4. HP: 7/27 MP: 1/7
  1717 | D:2      | Reached skill level 1 in Fighting
  2248 | D:2      | Found a faded altar of an unknown god.
  2413 | D:3      | Found a shadowy altar of Dithmenos.
  3181 | D:3      | Found an ancient bone altar of Kikubaaqudgha.
  3327 | D:4      | Found a radiant altar of Vehumet.
  3340 | D:4      | Became a worshipper of Vehumet
  3539 | D:4      | Reached skill level 1 in Conjurations
  3621 | D:4      | Reached XP level 5. HP: 33/33 MP: 6/9
  3985 | D:5      | Entered Level 5 of the Dungeon
  4339 | D:5      | Noticed Dowan
  4365 | D:5      | Identified the +10 falchion of Fate {vorpal, rN+ Will-
                  | rCorr Dex+3}
  4387 | D:5      | Noticed Duvessa
  4390 | D:5      | Killed Dowan
  4391 | D:5      | Reached skill level 4 in Earth Magic
  4391 | D:5      | Reached XP level 6. HP: 33/39 MP: 10/10
  4393 | D:5      | Slain by Duvessa

Illustrated notes

Levels and vault maps discovered:
D:1:      onia_arrival_handbag, layout_loops_corners
D:2:      layout_loops_corners, serial_shops, nicolae_square_shop,
          shapermc_ecumenical_altar_petra, mrwooster_statue_mirror,
          minmay_crystal_water, dk_noncrumbling_3, uniq_terence
D:3:      layout_basic, nicolae_overflow_hidden_temple,
          grunt_dithmenos_smoke_and_mirrors,
          nicolae_concentric_dashed_squares_wild
D:4:      layout_loops_ring, overflow_temple_1_default, kennysheep_crisscross
D:5:      layout_basic, grunt_temple_overflow_open, grunt_qazlal_clouds,
          uniq_edmund, uniq_duvessa

Skill      XL: |  1  2  3  4  5 |
---------------+----------------+-----
Stealth        | 3 |  3.0
Fighting       | 1 2 |  2.1
Conjurations   | 1 |  1.8
Transmutations | 2 |  2.0
Dodging        | 3 |  3.2
Spellcasting   | 3 |  3.1
Earth Magic    | 4 |  4.0

Action                   |  1- 3 |  4- 6 || total
-------------------------+-------+-------++-------
Melee: Dagger            |    23 |    23 ||    46
       Constrict         |     4 |     8 ||    12
       Tentacles         |     8 |     2 ||    10
       Punch             |     1 |       ||     1
       Falchion          |       |     6 ||     6
 Cast: Sandblast         |    37 |    52 ||    89
  Use: Scroll            |       |     9 ||     9
 Stab: Sleeping          |     4 |     2 ||     6
Armor: Skin              |     1 |     9 ||    10
Dodge: Dodged            |    20 |    36 ||    56

Table legend: (Time is in decaauts)
 A = Elapsed time spent in this place.
 B = Non-inter-level travel time spent in this place.
 C = Inter-level travel time spent in this place.
 D = Time resting spent in this place.
 E = Time spent auto-exploring this place.
 F = Levels seen in this place.
 G = Mean time per level.
                   A        B        C        D        E       F      G
               +--------+--------+--------+--------+--------+-----+--------+
         Total |   4437 |   4364 |     73 |    724 |   2961 |   5 |  887.4 |
       Dungeon |   4437 |   4364 |     73 |    724 |   2961 |   5 |  887.4 |
               +--------+--------+--------+--------+--------+-----+--------+

Top non-repeatable levels by time:
     D:1: 1228 daAuts
     D:2: 1172 daAuts
     D:3: 900 daAuts
     D:4: 740 daAuts
     D:5: 395 daAuts
